 Dungeon Crawl Stone Soup version 0.31-a0-949-g57150269e1 (webtiles) character file.

Game seed: 7838360506456798233

1281 pokeman the Thaumaturge (level 8, 0/44 HPs)
             Began as a Deep Elf Hedge Wizard on Oct 22, 2023.
             Slain by a mummy (9 damage)
             ... in an ossuary.
             The game lasted 00:10:57 (6174 turns).

pokeman the Thaumaturge (Deep Elf Hedge Wizard)     Turns: 6174, Time: 00:10:57

Health: 0/44       AC:  5    Str:  7    XL:     8   Next: 29%
Magic:  15/23      EV: 18    Int: 28    God:
Gold:   259        SH:  0    Dex: 20    Spells: 13/26 levels left

rFire   . . .        j - +0 dagger (venom)
rCold   + . .        (no shield)
rNeg    . . .        i - +0 leather armour "Paqih" {rElec rC+ Int+6}
rPois   .            t - +0 helmet
rElec   +            (no cloak)
rCorr   .            (no gloves)
SInv    .            a - +0 pair of boots
Will    .....        s - amulet of magic regeneration
Stlth   ++           m - +5 ring of evasion
HPRegen 0.27/turn    u - +6 ring of dexterity
MPRegen 0.58/turn

%: no passive effects
@: no status effects
A: no striking features
a: no special abilities


You were in an ossuary.
You visited 1 branch of the dungeon, and saw 6 of its levels.
You also visited: Ossuary.

You collected 259 gold pieces.

Inventory:

Hand Weapons
 j - a +0 dagger of venom (weapon)
Armour
 a - a +0 pair of boots (worn)
 i - the +0 leather armour "Paqih" (worn) {rElec rC+ Int+6}
   (You found it on level 2 of the Dungeon)

   Int+6:     It affects your intelligence (+6).
   rC+:       It protects you from cold.
   rElec:     It insulates you from electricity.
 l - a scarf of shadows
 t - a +0 helmet (worn)
 v - a +2 leather armour of poison resistance
Jewellery
 m - a +5 ring of evasion (left hand)
 s - an amulet of magic regeneration (around neck)
 u - a +6 ring of dexterity (right hand)
Wands
 b - a wand of iceblast (9)
Scrolls
 c - a scroll of vulnerability {unknown}
 e - a scroll of enchant armour {unknown}
 f - 4 scrolls of identify {unknown}
 n - a scroll of enchant weapon {unknown}
 p - 2 scrolls of teleportation {unknown}
 r - a scroll of poison {unknown}
 w - a scroll of silence {unknown}
 x - a scroll of brand weapon {unknown}
Potions
 d - a potion of magic
 g - a potion of invisibility {unknown}
 h - 4 potions of curing {unknown}
 k - 4 potions of heal wounds {unknown}
 o - 2 potions of berserk rage {unknown}
 q - a potion of lignification {unknown}
 z - a potion of haste {unknown}


   Skills:
 - Level 2.0 Fighting
 + Level 2.5 Armour
 - Level 3.2 Dodging
 - Level 3.0 Stealth
 * Level 9.9 Spellcasting
 + Level 5.2 Conjurations
 - Level 1.1 Summonings
 - Level 1.1 Translocations
 + Level 1.3 Ice Magic
 - Level 1.0 Air Magic
 - Level 1.1 Poison Magic
 - Level 1.0 Evocations


You had 13 spell levels left.
You knew the following spells:

 Your Spells              Type           Power      Damage    Failure   Level
a - Magic Dart            Conj           100%       1d8       1%          1
b - Mephitic Cloud        Conj/Pois/Air  27%        N/A       6%          3
c - Call Imp              Summ           40%        N/A       5%          2
d - Blink                 Tloc           40%        N/A       5%          2
e - Freezing Cloud        Conj/Ice/Air   14%        6-21      50%         5

Your spell library contained the following spells:

 Spells                   Type           Power      Damage    Failure   Level
 Slow                     Hex            52%        N/A       6%          1
 Poisonous Vapours        Pois/Air       38%        N/A       6%          2
 Cigotuvi's Dreadful Rot  Necr/Pois/Air  34%        N/A       7%          2
 Ozocubu's Armour         Ice            21%        N/A       10%         3
 Manifold Assault         Tloc           20%        N/A       36%         4
 Ozocubu's Refrigeration  Ice            10%        4d9       100%        7


Dungeon Overview and Level Annotations

Branches:
Dungeon (6/15)            Ossuary (1/1)
 Temple: D:4-7

Altars:

Shops:
D:4 =


Message History

Your cerulean imp hits the mummy but does no damage.
Unknown command.
Casting: Magic Dart (safe; 1% risk of failure)
Confirm with . or Enter, or press ? or * to list all spells.
Aiming: Magic Dart (safe; 1% risk of failure)
Press: ? - help, Shift-Dir - straight line, f/p - mummy
Aim: a mummy (moderately damaged, 100% to hit)
The magic dart hits the mummy but does no damage.
The mummy is moderately damaged.
The mummy misses you. The mummy barely misses you.
Your cerulean imp hits the mummy but does no damage.
Casting: Magic Dart (safe; 1% risk of failure)
Confirm with . or Enter, or press ? or * to list all spells.
Aiming: Magic Dart (safe; 1% risk of failure)
Press: ? - help, Shift-Dir - straight line, f/p - mummy
Aim: a mummy (moderately damaged, 100% to hit)
The magic dart hits the mummy.
The mummy is moderately damaged.
Your cerulean imp hits the mummy but does no damage.
The mummy hits you! x2
Casting: Magic Dart (safe; 1% risk of failure)
Confirm with . or Enter, or press ? or * to list all spells.
Aiming: Magic Dart (safe; 1% risk of failure)
Press: ? - help, Shift-Dir - straight line, f/p - mummy
Aim: a mummy (moderately damaged, 100% to hit)
The magic dart hits the mummy but does no damage.
The mummy is moderately damaged.
Your cerulean imp hits the mummy but does no damage.
Unknown command.
Casting: Magic Dart (safe; 1% risk of failure)
Confirm with . or Enter, or press ? or * to list all spells.
Aiming: Magic Dart (safe; 1% risk of failure)
Press: ? - help, Shift-Dir - straight line, f/p - mummy
Aim: a mummy (moderately damaged, 100% to hit)
The magic dart hits the mummy.
The mummy is heavily damaged.
The mummy hits you!
* * * LOW HITPOINT WARNING * * *
The mummy hits you!
You die...

#
###########.#
##..5.........
#.........^.^^
#....M@.∩..^..
#....M....^...
##............
###########.#
#


You could see 2 mummies and a friendly cerulean imp (summoned).

Vanquished Creatures
  Menkaure (D:5)
  An ogre (D:4)
  A phantom (D:4)
  4 scorpions (D:5)
  A howler monkey (D:5)
  2 gnoll boudas
  4 hounds
  An orc priest (D:5)
  2 jellies (D:5)
  7 orc wizards
  A sleepcap (D:4)
  A mummy (Ossuary)
  8 gnolls
  7 adders
  4 ufetubi (D:6)
  An adder skeleton (D:3)
  4 worms
  12 orcs
  6 bats
  7 endoplasms
  A giant cockroach (D:4)
  8 goblins
  7 hobgoblins
  4 kobolds
  3 quokkas
  3 ball pythons
  4 frilled lizards
  A giant cockroach zombie (D:3)
  A quokka skeleton (D:3)
  8 rats
115 creatures vanquished.

Notes
Turn   | Place    | Note
-------+----------+-------------------------------------------
     0 | D:1      | pokeman the Deep Elf Hedge Wizard began the quest for the
                  | Orb.
     0 | D:1      | Reached XP level 1. HP: 10/10 MP: 7/7
   615 | D:1      | Reached XP level 2. HP: 8/16 MP: 4/9
  1089 | D:2      | Identified the +0 leather armour "Paqih" {rElec rC+ Int+6}
  1321 | D:2      | Reached skill level 5 in Spellcasting
  1633 | D:2      | Reached XP level 3. HP: 20/20 MP: 9/11
  1637 | D:2      | Learned a level 3 spell: Mephitic Cloud
  1640 | D:2      | Learned a level 2 spell: Blink
  1643 | D:2      | Learned a level 2 spell: Call Imp
  2248 | D:2      | Reached skill level 1 in Fighting
  2248 | D:2      | Reached skill level 1 in Armour
  2491 | D:3      | Reached XP level 4. HP: 25/25 MP: 3/13
  3270 | D:4      | Reached skill level 6 in Spellcasting
  3368 | D:4      | Found Zakhluet's Jewellery Shop.
  3690 | D:4      | Noticed a phantom
  3703 | D:4      | Killed a phantom
  3704 | D:4      | Reached skill level 1 in Evocations
  3704 | D:4      | Reached XP level 5. HP: 17/29 MP: 2/16
  4030 | D:4      | Noticed an ogre
  4037 | D:4      | Killed an ogre
  4038 | D:4      | Reached skill level 7 in Spellcasting
  4038 | D:4      | Reached skill level 1 in Air Magic
  4038 | D:4      | Reached skill level 1 in Poison Magic
  4038 | D:4      | Reached XP level 6. HP: 34/34 MP: 11/18
  4345 | D:5      | Entered Level 5 of the Dungeon
  4665 | D:5      | Noticed Menkaure
  4675 | D:5      | Killed Menkaure
  4676 | D:5      | Reached skill level 8 in Spellcasting
  4676 | D:5      | Reached XP level 7. HP: 22/40 MP: 15/20
  5080 | D:5      | Reached skill level 9 in Spellcasting
  5225 | D:5      | Reached XP level 8. HP: 44/44 MP: 23/23
  5614 | D:5      | Learned a level 5 spell: Freezing Cloud
  5718 | D:6      | Reached skill level 5 in Conjurations
  5856 | D:6      | Reached skill level 1 in Ice Magic
  6150 | D:6      | Found a sand-covered staircase.
  6157 | Ossuary  | Entered an ossuary
  6174 | Ossuary  | Slain by a mummy

Illustrated notes

Levels and vault maps discovered:
D:1:      nicolae_arrival_washed_ashore, layout_loops_corners
D:2:      layout_loops_ring, serial_forest, infiniplex_forest_clump_diagonal,
          infiniplex_forest_straight_3, infiniplex_forest_clump_small,
          infiniplex_forest_lined_2, infiniplex_forest_zigzag_1,
          infiniplex_forest_end_1, infiniplex_forest_clump_tiny,
          infiniplex_forest_clump_diagonal, infiniplex_forest_lined_3,
          infiniplex_forest_lined_2, roderic_roman_lattice, st_stairs_7
D:3:      layout_rooms, serial_undead, serial_undead_b, serial_undead_a,
          serial_undead_e, serial_undead_f
D:4:      layout_loops_cross, serial_shops, shop
D:5:      layout_gridville, grunt_ministairs_8, serial_bayou_pond_d,
          corexii_corridor_pit, uniq_menkaure
D:6:      layout_basic, chequers_ossuary_entry_cave, uniq_edmund
Ossuary:  ossuary_the_hunt_dpeg

Skill      XL: |  1  2  3  4  5  6  7  8 |
---------------+-------------------------+-----
Spellcasting   | 5 6 7 8 9 |  9.9
Fighting       | 1 2 |  2.0
Armour         | 1 2 |  2.5
Conjurations   | 2 3 4 5 |  5.2
Stealth        | 3 |  3.0
Dodging        | 3 |  3.2
Evocations     | 1 |  1.0
Air Magic      | 1 |  1.0
Poison Magic   | 1 |  1.1
Ice Magic      | 1 |  1.3
Summonings     | |  1.1
Translocations | |  1.1

Action                     |  1- 3 |  4- 6 |  7- 9 || total
---------------------------+-------+-------+-------++-------
  Melee: Dagger            |    20 |    18 |    81 ||   119
         Punch             |     1 |       |     2 ||     3
   Cast: Magic Dart        |    85 |   118 |    65 ||   268
         Call Imp          |       |     2 |     2 ||     4
         Mephitic Cloud    |       |     2 |    13 ||    15
   Stab: Sleeping          |     1 |     1 |     1 ||     3
         Confused          |       |     2 |    10 ||    12
 Armour: Robe              |     4 |       |       ||     4
         Leather armour    |    10 |    13 |    43 ||    66
  Dodge: Dodged            |    11 |    17 |    98 ||   126

Table legend: (Time is in decaauts)
 A = Elapsed time spent in this place.
 B = Non-inter-level travel time spent in this place.
 C = Inter-level travel time spent in this place.
 D = Time resting spent in this place.
 E = Time spent auto-exploring this place.
 F = Levels seen in this place.
 G = Mean time per level.
                   A        B        C        D        E       F      G
               +--------+--------+--------+--------+--------+-----+--------+
         Total |   6172 |   6074 |     98 |      0 |   4923 |   7 |  881.7 |
       Dungeon |   6156 |   6058 |     98 |      0 |   4923 |   6 | 1026.0 |
       Ossuary |     16 |     16 |      0 |      0 |      0 |   1 |   16.0 |
               +--------+--------+--------+--------+--------+-----+--------+

Top non-repeatable levels by time:
     D:2: 1434 daAuts
     D:5: 1313 daAuts
     D:4: 1152 daAuts
     D:1: 1024 daAuts
     D:3: 731 daAuts
     D:6: 500 daAuts
 Ossuary: 16 daAuts
